 Dungeon Crawl Stone Soup version 0.27-a0-40-g5f2be0e231 (webtiles) character file.

Game seed: 13811886046133531645

6203 Inarius the Frost Mage (level 10, -9/73 HPs)
             Began as a Barachi Ice Elementalist on Jan 5, 2021.
             Was a Believer of Vehumet.
             Mangled by a swamp worm (19 damage)
             ... on level 10 of the Dungeon.
             The game lasted 00:23:43 (10540 turns).

Inarius the Frost Mage (Barachi Ice Elementalist)  Turns: 10540, Time: 00:23:44

Health: -9/73      AC:  6    Str: 11    XL:     10   Next: 92%
Magic:  20/20      EV: 13    Int: 24    God:    Vehumet [**....]
Gold:   532        SH:  3    Dex: 12    Spells: 5/22 levels left

rFire    . . .     SeeInvis .   x - +4 spear (vorpal)
rCold    . . .     Faith    +   D - +0 buckler
rNeg     . . .     Spirit   .   M - +2 robe {Will+}
rPois    .         Reflect  .   (no helmet)
rElec    .         Harm     .   s - +0 cloak
rCorr    .         Rampage  .   (no gloves)
Will     ++...                  r - +0 pair of boots
Stlth    ++........             I - amulet of faith
HPRegen  0.22/turn              k - +6 ring of intelligence
MPRegen  0.17/turn              J - ring of willpower

@: about to teleport, slow
A: +LOS, swims, slowness 1, strong legs 1
a: Hop, Renounce Religion


You were on level 10 of the Dungeon.
You worshipped Vehumet.
Vehumet was pleased with you.
You visited 2 branches of the dungeon, and saw 11 of its levels.

You collected 532 gold pieces.

Inventory:

Hand Weapons
 a - a +1 vorpal flail
 x - a +4 vorpal spear (weapon)
 L - a +2 scimitar of flaming
Missiles
 b - 2 silver boomerangs
Armour
 n - a +2 leather armour of cold resistance
 r - a +0 pair of boots (worn)
 s - a +0 cloak (worn)
 D - a +0 buckler (worn)
 M - a +2 robe of willpower (worn)
Magical Staves
 H - an uncursed staff of air
Jewellery
 f - an uncursed amulet of the acrobat
 k - a +6 ring of intelligence (left hand)
 I - an amulet of faith (around neck)
 J - a ring of willpower (right hand)
 N - an uncursed ring of positive energy
Wands
 y - a wand of paralysis (6)
 A - a wand of acid (7)
 F - a wand of disintegration (7)
Scrolls
 c - a scroll of blinking {unknown}
 e - a scroll of immolation {unknown}
 i - 2 scrolls of noise
 j - 7 scrolls of amnesia
 m - 3 scrolls of magic mapping
 o - 3 scrolls of teleportation
 t - 3 scrolls of remove curse
 v - 2 scrolls of random uselessness {unknown}
 w - a scroll of fog {unknown}
 E - a scroll of enchant weapon {unknown}
 G - a scroll of enchant armour
 K - a scroll of identify
 O - a scroll of torment {unknown}
Potions
 d - 2 potions of mutation {unknown}
 g - a potion of haste
 h - 2 potions of curing
 l - a potion of invisibility
 q - 7 potions of lignification
 u - 2 potions of flight {unknown}
 z - a potion of cancellation
 B - 3 potions of brilliance
 C - 2 potions of might


   Skills:
 + Level 4.3 Fighting
 + Level 4.2 Polearms
 + Level 3.5 Armour
 + Level 4.4 Dodging
 - Level 1.7 Stealth
 + Level 1.0 Shields
 + Level 6.8 Spellcasting
 * Level 5.6 Conjurations
 + Level 0.5 Summonings
 * Level 3.4 Translocations
 * Level 12.3 Ice Magic
 * Level 4.9 Evocations


You had 5 spell levels left.
You knew the following spells:

 Your Spells              Type           Power        Failure   Level
a - Freeze                Ice            100%         1%          1
b - Frozen Ramparts       Ice            100%         1%          3
c - Hailstorm             Conj/Ice       51%          2%          4
d - Ozocubu's Armour      Ice            61%          1%          3
e - Summon Ice Beast      Ice/Summ       39%          8%          4
f - Blink                 Tloc           N/A          4%          2

Your spell library contained the following spells:

 Spells                   Type           Power        Failure   Level
 Shock                    Conj/Air       84%          3%          1
 Magic Dart               Conj           100%         1%          1
 Gell's Gravitas          Tloc           12%          8%          3
 Lesser Beckoning         Tloc           12%          8%          3
 Teleport Other           Tloc           24%          8%          3
 Conjure Flame            Conj/Fire      21%          10%         3
 Animate Skeleton         Necr           16%          11%         1
 Pain                     Necr           32%          11%         1
 Call Imp                 Summ           10%          13%         2
 Mephitic Cloud           Conj/Pois/Air  17%          14%         3
 Slow                     Hex            8%           16%         2
 Passage of Golubria      Tloc           N/A          26%         4
 Vampiric Draining        Necr           4%           32%         3
 Animate Dead             Necr           4%           71%         4
 Agony                    Necr           8%           96%         5


Dungeon Overview and Level Annotations

Branches:
Dungeon (10/15)            Temple (1/1) D:4             Orc (0/2) D:9
   Lair: D:8-11

Altars:
Ashenzari
Cheibriados
Dithmenos
Elyvilon
Fedhas
Gozag
Hepliaklqana
Kikubaaqudgha
Makhleb
Nemelex Xobeh
Okawaru
Qazlal
Ru
Sif Muna
Trog
Uskayaw
Vehumet
Wu Jian
Xom
Yredelemnul
Zin
The Shining One

Shops:
D:4 (   D:5 *

Annotations:
D:3 Grinder
D:5 3 runed translucent doors, FortyThree's ghost, novice MiBe; casual's ghost, weakling TrDe
D:6 3 runed translucent doors, gruber's ghost, amateur DsFi


Innate Abilities, Weirdness & Mutations

You can be seen from farther away. (+LOS)
You can swim through water.
You cover ground slowly.
You can hop short distances.


Message History

You are yanked forward by the harpoon shot.
The swamp worm fires a harpoon shot at you.
The harpoon shot hits you!
You are yanked forward by the harpoon shot.
The swamp worm bites you!
The swamp worm fires a harpoon shot at you.
The harpoon shot misses you.
The swamp worm fires a harpoon shot at you.
The harpoon shot hits you.
You are yanked forward by the harpoon shot.
You block the swamp worm's attack.
As you read the scroll of teleportation, it crumbles to dust.
You feel strangely unstable. The swamp worm bites you!
* * * LOW HITPOINT WARNING * * *
The swamp worm fires a harpoon shot at you.
The harpoon shot hits you!
* * * LOW HITPOINT WARNING * * *
You are yanked forward by the harpoon shot.
The swamp worm bites you!!
You die...

....................####<##
.............)......[<####
....................[.<#
.....................).#
....#.............)#.###
...###.............[##
....#...............#
...............w.)..#
................@...#
.................#..#
...............#.####
................#.#
..............#.#.#
..............#####
.............. ......
....... ....#. ......


You could see a swamp worm.

Vanquished Creatures
  A boulder beetle (D:10)
  Erica (D:10)
  A demonic crawler (D:10)
  A wyvern (D:10)
  A human (D:8)
  2 hogs (D:8)
  2 yaks (D:8)
  A steam dragon (D:7)
  2 orc warriors
  An ice beast (D:6)
  2 eyes of draining (D:10)
  4 sky beasts
  3 phantoms
  4 ogres
  3 centaurs
  2 big kobolds
  3 bullfrogs
  2 gnoll sergeants
  2 scorpions
  3 wights (D:7)
  2 electric eels (D:9)
  A howler monkey (D:10)
  A quasit (D:8)
  A centaur zombie (D:10)
  A gnoll shaman (D:5)
  3 hounds
  A centaur skeleton (D:9)
  A bullfrog skeleton (D:8)
  3 jellies
  7 orc priests
  2 orc wizards
  2 iguanas
  5 worker ants
  A hound skeleton (D:10)
  21 gnolls
  2 howler monkey skeletons
  7 adders
  A shadow imp (D:7)
  2 white imps
  3 ufetubi
  2 oozes
  5 adder skeletons
  An adder zombie (D:9)
  3 worms
  2 dart slugs (D:2)
  2 leopard geckos
  25 orcs
  A ball python (D:7)
  3 giant cockroaches
  4 goblins
  5 hobgoblins
  8 jackals
  18 kobolds
  2 quokkas
  6 bats
  2 frilled lizards
  A jackal skeleton (D:6)
  A leopard gecko skeleton (D:4)
  A leopard gecko zombie (D:5)
  5 rats
205 creatures vanquished.

Vanquished Creatures (others)
  A swamp worm (D:10)
  A shadow imp (D:9)
  4 plants (D:10)
6 creatures vanquished.

Grand Total: 211 creatures vanquished

Notes
Turn   | Place    | Note
-------+----------+-------------------------------------------
     0 | D:1      | Inarius the Barachi Ice Elementalist began the quest for
                  | the Orb.
     0 | D:1      | Reached XP level 1. HP: 13/13 MP: 3/3
    54 | D:1      | Reached skill level 5 in Ice Magic
   418 | D:1      | Reached XP level 2. HP: 19/19 MP: 1/5
  1225 | D:2      | Reached XP level 3. HP: 12/24 MP: 4/6
  1229 | D:2      | Learned a level 3 spell: Frozen Ramparts
  1874 | D:2      | Reached skill level 6 in Ice Magic
  2380 | D:3      | Reached XP level 4. HP: 26/30 MP: 3/8
  2393 | D:3      | Learned a level 4 spell: Hailstorm
  2518 | D:3      | Found a sparkling altar of Nemelex Xobeh.
  2571 | D:3      | Noticed Grinder
  3008 | D:3      | Paralysed by Grinder for 7 turns
  3021 | D:3      | Paralysed by Grinder for 3 turns
  3332 | D:4      | Found a staircase to the Ecumenical Temple.
  3348 | Temple   | Entered the Ecumenical Temple
  3549 | D:4      | Found an iron altar of Okawaru.
  3610 | D:4      | Found Anatead's Weapon Emporium.
  3747 | D:4      | Reached XP level 5. HP: 36/36 MP: 5/9
  4202 | D:5      | Entered Level 5 of the Dungeon
  4223 | D:5      | Reached skill level 1 in Conjurations
  4235 | D:5      | Reached skill level 1 in Armour
  4347 | D:5      | Reached skill level 7 in Ice Magic
  4356 | D:5      | Reached XP level 6. HP: 42/42 MP: 4/10
  4462 | D:5      | Found a glowing golden altar of the Shining One.
  4473 | D:5      | Reached skill level 1 in Fighting
  4581 | D:5      | Reached XP level 7. HP: 45/48 MP: 8/12
  4590 | D:5      | Learned a level 3 spell: Ozocubu's Armour
  4618 | D:5      | Found a runed translucent gate.
  4619 | D:5      | Found a runed translucent gate.
  4619 | D:5      | Found a runed translucent gate.
  4622 | D:5      | Noticed casual's ghost (weakling TrDe)
  4622 | D:5      | Noticed FortyThree's ghost (novice MiBe)
  4684 | D:5      | Reached skill level 8 in Ice Magic
  4736 | D:5      | Found Geeker's Elemental Accessories.
  5288 | D:6      | Reached XP level 8. HP: 19/57 MP: 7/14
  5543 | D:6      | Found a runed translucent gate.
  5543 | D:6      | Found a runed translucent gate.
  5543 | D:6      | Found a runed translucent gate.
  5544 | D:6      | Found an opulent altar of Gozag.
  5546 | D:6      | Noticed gruber's ghost (amateur DsFi)
  5745 | D:7      | Reached skill level 1 in Evocations
  5781 | D:7      | Reached skill level 9 in Ice Magic
  5892 | D:7      | Learned a level 4 spell: Summon Ice Beast
  5985 | D:7      | Found a blossoming altar of Fedhas.
  6040 | D:7      | Paralysed by an orc wizard for 6 turns
  6047 | D:7      | Reached skill level 1 in Polearms
  6050 | D:7      | Reached skill level 5 in Spellcasting
  6463 | D:8      | Reached XP level 9. HP: 60/63 MP: 12/16
  6568 | D:8      | Found a hazy altar of Hepliaklqana.
  6868 | D:8      | Reached skill level 10 in Ice Magic
  7533 | D:9      | Found a broken altar of Ashenzari.
  7533 | D:9      | Found a radiant altar of Vehumet.
  7535 | D:9      | Found a snail-covered altar of Cheibriados.
  7541 | D:9      | Became a worshipper of Vehumet
  7573 | D:9      | Found an ancient bone altar of Kikubaaqudgha.
  7649 | D:9      | Learned a level 2 spell: Blink
  7732 | D:9      | Reached skill level 5 in Conjurations
  7933 | D:9      | Reached XP level 10. HP: 68/71 MP: 17/19
  8153 | D:9      | Reached skill level 11 in Ice Magic
  8163 | D:9      | Reached * piety under Vehumet
  8163 | D:9      | Offered knowledge of Foxfire by Vehumet.
  8686 | D:9      | Found a staircase to the Orcish Mines.
  8743 | D:10     | Entered Level 10 of the Dungeon
  8753 | D:9      | Reached skill level 1 in Translocations
  9553 | D:10     | Noticed Erica
  9603 | D:10     | Killed Erica
  9859 | D:10     | Reached ** piety under Vehumet
  9888 | D:10     | Offered knowledge of Shock by Vehumet.
 10005 | D:10     | Noticed a boulder beetle
 10013 | D:10     | Killed a boulder beetle
 10014 | D:10     | Reached skill level 1 in Shields
 10014 | D:10     | Reached skill level 12 in Ice Magic
 10540 | D:10     | Mangled by a swamp worm

Illustrated notes

Levels and vault maps discovered:
D:1:      minmay_arrival_plants_in_alcoves, layout_basic
D:2:      layout_loops_cross
D:3:      layout_basic, nemelex_dance_club_becter, uniq_grinder
D:4:      wander_river, layout_loops_corners, minmay_temple_entry_hall,
          serial_shops, nicolae_shop_waterfront, okawaru_gym_becter
D:5:      layout_rooms, gammafunk_ghost_cemetery, basic_altar,
          minmay_misc_feat_alley, nicolae_elemental_shop
D:6:      layout_rooms, ebering_ghost_gozag, nicolae_ru_the_path_less_chosen
D:7:      layout_basic, kennysheep_mini
D:8:      layout_rooms, lemuel_crystal_altar, grunt_livestock
D:9:      layout_loops_ring, gammafunk_temple_overflow_claw,
          lemuel_doored_altar, orc_0_dummy, kennysheep_big_empty_room,
          nicolae_water_bricks
D:10:     layout_big_octagon, worms_lemuel, uniq_snorg, uniq_erica
Temple:   eino_temple_scatter_basement

Skill      XL: |  1  2  3  4  5  6  7  8  9 10 |
---------------+-------------------------------+-----
Ice Magic      | 5 6 7 8 9 10 12 | 12.3
Spellcasting   | 3 4 5 6 |  6.8
Conjurations   | 1 2 3 5 |  5.6
Armour         | 1 2 3 |  3.5
Dodging        | 3 4 |  4.4
Fighting       | 1 2 3 4 |  4.3
Evocations     | 2 4 |  4.9
Polearms       | 1 3 4 |  4.2
Translocations | 3 |  3.4
Shields        | 1 |  1.0
Stealth        | |  1.7
Summonings     | |  0.5

Action                   |  1- 3 |  4- 6 |  7- 9 | 10-12 || total
-------------------------+-------+-------+-------+-------++-------
Melee: Mace              |     6 |       |       |       ||     6
       Club              |    14 |    43 |       |       ||    57
       Flail             |       |    23 |    49 |       ||    72
       Spear             |       |       |   127 |    83 ||   210
Throw: Boomerang         |       |       |     1 |       ||     1
 Cast: Freeze            |    35 |    16 |       |       ||    51
       Frozen Ramparts   |     4 |    17 |    27 |    13 ||    61
       Ozocubu's Armour  |       |       |     2 |     3 ||     5
       Hailstorm         |       |       |    10 |    27 ||    37
       Summon Ice Beast  |       |       |       |     4 ||     4
Evoke: Wand              |       |       |     1 |    11 ||    12
  Use: Scroll            |     7 |     1 |     4 |     1 ||    13
       Potion            |       |       |       |     2 ||     2
 Stab: Sleeping          |     1 |       |     2 |       ||     3
Armor: Robe              |     5 |       |       |     4 ||     9
       Leather armour    |     4 |    26 |    50 |    18 ||    98
Dodge: Dodged            |    44 |    83 |   102 |    62 ||   291
Block: Buckler           |       |       |     6 |    11 ||    17

Table legend: (Time is in decaauts)
 A = Elapsed time spent in this place.
 B = Non-inter-level travel time spent in this place.
 C = Inter-level travel time spent in this place.
 D = Time resting spent in this place.
 E = Time spent auto-exploring this place.
 F = Levels seen in this place.
 G = Mean time per level.
                   A        B        C        D        E       F      G
               +--------+--------+--------+--------+--------+-----+--------+
         Total |  11602 |  11126 |    476 |   3190 |   5922 |  11 | 1054.7 |
       Dungeon |  11439 |  10978 |    461 |   3190 |   5785 |  10 | 1143.9 |
        Temple |    163 |    148 |     15 |      0 |    136 |   1 |  163.0 |
               +--------+--------+--------+--------+--------+-----+--------+

Top non-repeatable levels by time:
     D:9: 1685 daAuts
    D:10: 1572 daAuts
     D:2: 1402 daAuts
     D:4: 1324 daAuts
     D:1: 1111 daAuts
     D:5: 1038 daAuts
     D:7: 1036 daAuts
     D:8: 857 daAuts
     D:3: 741 daAuts
     D:6: 667 daAuts
  Temple: 163 daAuts
